Map: Blackpink LE

Players

Impact

  • Race: Zerg Zerg
  • Spawn Location: 1:00

Nerchio - Winner!

  • Race: Zerg Zerg
  • Spawn Location: 7:00

Event: IEM Season 12 - Katowice

VOD

Have the link to the VOD?

Description

Time

  • Played on: March 2, 2018, 8:20 a.m.
  • Length: 16:40

All games in this series

Show
View Real Time Build Order
Export as new Build Order

Impact Zerg 

Build Orders: Pool First 

Get SALT Encoding   

  12  0:17  Spawning Pool  
  11  0:22  Drone  
  11  0:27  Drone  
  13  0:31  Drone  
  14  0:40  Overlord  
  14  1:04  Zergling x4  
  16  1:06  Zergling x2  
  17  1:16  Zergling x2  
  18  1:19  Hatchery  
  17  1:27  Zergling x2  
  18  1:33  Queen  
  18  1:38  Zergling x2  
  21  1:48  Overlord  
  21  2:00  Drone  
  22  2:09  Queen  
  22  2:11  Drone  
  25  2:23  Drone  
  24  2:31  Drone  
  24  2:32  Queen  
  27  2:39  Drone  
  27  2:42  Drone  
  29  2:44  Drone x2  
  29  2:45  Drone  
  29  2:48  Drone  
  33  2:56  Drone  
  33  3:00  Overlord  
  33  3:04  Queen  
  35  3:14  Spine Crawler  
  35  3:16  Drone  
  35  3:18  Drone  
  35  3:19  Drone  
  37  3:20  Drone x2  
  37  3:26  Drone  
  40  3:31  Drone  
  40  3:33  Drone, Extractor x2  
  40  3:36  Overlord  
  40  3:47  Drone x4  
  43  3:57  Drone x3  
  46  4:05  Evolution Chamber, Roach Warren  
  46  4:06  Drone  
  46  4:09  Evolution Chamber  
  44  4:13  Drone x4  
  44  4:14  Extractor  
  44  4:16  Drone  
  48  4:19  Drone  
  48  4:20  Drone  
  48  4:22  Drone  
  51  4:27  Lair  
  51  4:33  Overlord  
  51  4:34  Overlord  
  51  4:40  Zerg Missile Weapons Level 1  
  51  4:42  Overlord  
  51  4:47  Overlord  
  51  4:53  Drone  
  52  5:05  Roach x6  
  64  5:17  Hatchery  
  64  5:18  Roach  
  65  5:22  Roach x2  
  65  5:24  Roach  
  65  5:27  Glial Reconstitution  
  71  5:30  Roach  
  71  5:32  Overseer  
  73  5:36  Roach  
  73  5:38  Roach  
  73  5:42  Roach  
  79  5:44  Roach  
  79  5:46  Roach  
  83  5:51  Overlord x2  
  83  5:55  Overlord  
  83  6:08  Overlord x2  
  83  6:10  Roach x2  
  83  6:11  Roach x2  
  90  6:14  Roach  
  91  6:20  Roach x3  
  97  6:26  Roach  
  97  6:30  Roach  
  97  6:31  Roach  
  97  6:32  Overseer  
  103  6:36  Roach  
  105  6:43  Roach x3  
  105  6:44  Roach  
  105  6:46  Roach  
  115  6:53  Drone x5  
  114  6:57  Roach  
  114  6:59  Drone  
  114  7:00  Drone x2  
  119  7:03  Drone  
  119  7:05  Drone  
  119  7:06  Overlord  
  121  7:10  Overlord  
  121  7:16  Zerg Missile Weapons Level 2  
  121  7:20  Overlord  
  121  7:26  Drone x2  
  121  7:27  Drone x2  
  121  7:29  Extractor  
  106  7:30  Drone  
  106  7:32  Drone  
  106  7:34  Drone  
  106  7:35  Drone x2  
  95  7:38  Drone x2  
  95  7:39  Drone x3  
  98  7:46  Roach, Extractor  
  98  7:47  Roach x3  
  98  7:49  Roach x2  
  105  7:54  Roach x2  
  109  7:58  Zerg Ground Armor Level 1  
  109  8:00  Roach  
  109  8:03  Roach x2  
  109  8:05  Roach x2  
  119  8:08  Roach  
  119  8:09  Extractor  
  120  8:13  Roach  
  120  8:14  Roach x2  
  120  8:17  Drone, Overlord  
  120  8:18  Roach  
  129  8:21  Ravager  
  129  8:23  Roach  
  129  8:26  Roach  
  134  8:32  Hatchery  
  134  8:33  Roach x2  
  137  8:37  Roach x2  
  137  8:40  Roach  
  137  8:41  Roach  
  145  8:43  Overlord  
  145  8:45  Ravager  
  145  8:47  Ravager  
  147  8:49  Roach  
  147  8:50  Roach  
  147  8:51  Roach  
  153  8:56  Overlord x2  
  153  8:57  Overlord  
  153  9:02  Roach  
  157  9:03  Roach x2  
  157  9:05  Overlord  
  157  9:07  Roach  
  161  9:14  Ravager  
  162  9:19  Roach  
  162  9:20  Roach x6  
  162  9:22  Roach  
  180  9:24  Roach  
  180  9:27  Roach  
  180  9:31  Roach x3  
  188  9:35  Ravager x3  
  188  9:37  Roach  
  193  9:43  Overlord  
  193  9:52  Roach x8  
  194  9:56  Roach x2  
  194  9:59  Roach  
  174  10:03  Roach x2  
  174  10:05  Roach  
  148  10:07  Roach  
  148  10:10  Roach x2  
  148  10:14  Roach x2  
  134  10:18  Roach x2  
  134  10:20  Roach  
  124  10:24  Roach x2  
  124  10:26  Roach  
  128  10:30  Roach x2  
  128  10:33  Roach x2  
  128  10:34  Ravager x2  
  138  10:35  Ravager  
  138  10:37  Roach  
  138  10:41  Roach x2  
  145  10:46  Ravager  
  145  10:48  Roach x2  
  150  10:50  Roach  
  150  10:52  Roach x2  
  150  10:55  Roach  
  150  10:56  Roach  
  160  10:58  Overseer  
  160  11:01  Roach  
  162  11:06  Roach x4  
  162  11:08  Roach  
  172  11:12  Ravager  
  172  11:14  Roach  
  177  11:18  Roach x3  
  177  11:22  Roach x2  
  177  11:24  Roach  
  187  11:28  Roach x3  
  187  11:30  Roach  
  195  11:34  Roach x2  
  197  11:43  Roach  
  197  11:44  Roach  
  199  11:51  Roach  
  199  11:59  Roach x5  
  185  12:03  Roach  
  185  12:04  Roach x7  
  168  12:13  Roach x7  
  164  12:18  Roach x3  
  164  12:20  Drone  
  164  12:22  Roach  
  173  12:26  Roach  
  173  12:27  Roach  
  173  12:28  Ravager  
  173  12:29  Ravager  
  179  12:30  Ravager  
  179  12:33  Drone x4  
  179  12:34  Extractor  
  183  12:37  Roach  
  183  12:38  Roach  
  183  12:41  Roach x2  
  183  12:43  Roach  
  193  12:46  Roach  
  193  12:47  Ravager  
  196  12:52  Ravager  
  196  12:54  Ravager  
  196  12:57  Roach, Hatchery  
  199  13:12  Roach x8  
  194  13:19  Roach x4  
  177  13:22  Roach x2  
  163  13:30  Roach x4  
  163  13:33  Roach  
  164  13:34  Roach  
  164  13:37  Roach  
  164  13:41  Roach  
  164  13:42  Roach x2  
  164  13:45  Roach x2  
  166  13:49  Roach x2  
  166  13:51  Roach x2  
  166  13:54  Drone  
  174  13:55  Ravager x2  
  174  13:56  Ravager  
  174  13:57  Ravager x2  
  174  13:58  Roach  
  174  14:00  Roach  
  174  14:02  Roach  
  184  14:05  Roach  
  184  14:06  Roach  
  184  14:08  Ravager  
  184  14:09  Ravager  
  190  14:11  Roach  
  192  14:18  Roach x3  
  192  14:22  Roach x2  
  198  14:28  Roach, Overlord  
  198  14:29  Overlord  
  198  14:30  Overlord  
  193  14:33  Overlord  
  193  14:37  Roach  
  193  14:38  Roach  
  171  14:42  Roach x3  
  165  14:46  Roach x2  
  165  14:54  Roach  
  165  14:55  Roach x3  
  165  14:58  Roach x2  
  172  15:01  Ravager x3  
  172  15:02  Ravager x2  
  172  15:03  Ravager  
  172  15:04  Roach  
  182  15:07  Roach x2  
  173  15:17  Roach x6  
  151  15:21  Roach x2  
  151  15:23  Roach  
  151  15:27  Roach x2  
  126  15:29  Roach, Zergling x2  
  126  15:34  Roach x2  
  111  15:36  Roach  
  111  15:39  Roach  
  111  15:41  Roach  
  111  15:42  Roach  
  105  15:44  Roach  
  105  15:45  Roach  
  105  15:49  Roach x3  
  112  15:50  Ravager x2  
  112  15:51  Ravager  
  112  15:52  Ravager  
  112  15:53  Roach  
  112  15:56  Roach  
  115  15:57  Overseer  
  115  15:59  Roach  
  115  16:03  Roach  
  115  16:06  Ravager  
  115  16:07  Roach x2  
  115  16:09  Roach  
  124  16:11  Roach  
  124  16:13  Roach  
  124  16:15  Roach  
  124  16:17  Roach  
  130  16:19  Roach  
  130  16:21  Roach  
Show
View Real Time Build Order
Export as new Build Order

Nerchio Zerg - Winner!

Build Orders: Hatch First 

Get SALT Encoding   

  12  0:00  Drone  
  13  0:12  Overlord  
  13  0:17  Drone  
  14  0:31  Drone x2  
  14  0:35  Drone  
  17  0:55  Drone, Hatchery  
  17  1:08  Spawning Pool  
  16  1:11  Drone  
  16  1:13  Extractor  
  16  1:16  Drone  
  17  1:20  Drone  
  18  1:28  Drone  
  19  1:56  Zergling x2  
  20  2:01  Zergling x2  
  20  2:02  Zergling x2  
  20  2:07  Zergling x2  
  25  2:10  Spine Crawler  
  25  2:11  Zergling x2  
  25  2:12  Baneling Nest  
  25  2:23  Drone  
  25  2:32  Hatchery  
  25  2:33  Overlord  
  24  2:50  Hatchery  
  23  2:54  Metabolic Boost  
  22  2:59  Queen  
  22  3:05  Zergling x4  
  26  3:10  Overlord  
  25  3:16  Overlord  
  24  3:30  Zergling x2  
  25  3:35  Queen  
  25  3:39  Drone  
  28  3:44  Drone  
  28  3:48  Drone  
  30  3:55  Evolution Chamber, Drone  
  30  3:58  Drone  
  30  4:02  Drone  
  32  4:05  Drone  
  32  4:06  Drone  
  32  4:07  Drone x2  
  36  4:10  Drone  
  36  4:13  Drone  
  38  4:18  Drone  
  38  4:21  Drone  
  40  4:26  Drone  
  41  4:32  Zerg Ground Armor Level 1  
  41  4:33  Drone x2  
  41  4:35  Drone  
  44  4:39  Overlord  
  44  4:40  Drone  
  44  4:42  Drone  
  44  4:44  Drone  
  47  4:48  Overlord  
  47  4:50  Zergling x2  
  47  4:51  Zergling x2  
  49  4:55  Zergling x2  
  50  5:01  Zergling x8  
  50  5:03  Zergling x2  
  55  5:08  Zergling x2  
  55  5:09  Queen  
  59  5:14  Zergling x8  
  59  5:17  Zergling x2  
  59  5:21  Roach Warren  
  61  5:23  Overlord  
  61  5:24  Extractor  
  61  5:25  Drone  
  61  5:28  Drone x2  
  63  5:32  Drone  
  64  5:37  Drone  
  65  5:43  Drone  
  65  5:44  Drone x3  
  65  5:45  Drone  
  67  5:52  Zergling x4  
  67  5:53  Zergling x4  
  67  5:54  Zergling x2  
  69  6:01  Roach x2, Lair  
  73  6:06  Overlord x3  
  73  6:08  Overlord  
  71  6:12  Overlord  
  71  6:15  Overlord  
  71  6:19  Drone x3  
  71  6:22  Extractor  
  71  6:23  Overlord  
  75  6:25  Roach  
  75  6:27  Roach  
  75  6:29  Roach  
  75  6:32  Roach  
  81  6:33  Roach  
  81  6:35  Roach  
  81  6:37  Roach  
  89  6:40  Roach  
  89  6:46  Roach x2  
  94  6:47  Roach  
  94  6:49  Roach  
  94  6:51  Roach  
  94  6:53  Zergling x2  
  93  6:55  Zergling x2  
  93  6:56  Zergling x2  
  93  6:58  Ravager  
  93  6:59  Zergling x4  
  93  7:00  Unknown  
  98  7:02  Ravager, Zergling x4  
  98  7:04  Zergling x2  
  98  7:07  Zergling x4  
  103  7:14  Zergling x10  
  107  7:17  Zergling x2  
  107  7:21  Zergling x2  
  105  7:24  Roach  
  105  7:27  Roach  
  105  7:28  Roach x3  
  104  7:31  Roach  
  104  7:36  Roach x2  
  98  7:44  Roach  
  97  7:46  Roach x2  
  97  7:48  Ravager  
  99  7:54  Drone  
  99  7:56  Zerg Missile Weapons Level 1  
  99  7:57  Drone  
  99  7:58  Drone  
  102  8:01  Unknown  
  102  8:03  Drone, Extractor  
  102  8:08  Drone x2  
  102  8:11  Glial Reconstitution  
  104  8:17  Roach  
  104  8:18  Roach  
  108  8:20  Drone x3  
  108  8:22  Roach  
  108  8:23  Roach  
  108  8:24  Roach  
  108  8:26  Roach  
  119  8:30  Overseer  
  119  8:31  Hatchery  
  119  8:32  Roach  
  120  8:34  Roach  
  120  8:35  Overlord  
  120  8:38  Overlord  
  122  8:46  Drone x5  
  122  8:48  Extractor  
  126  8:50  Overlord  
  126  8:54  Roach x2  
  130  8:56  Roach  
  130  8:57  Roach  
  130  9:01  Roach, Unknown  
  130  9:02  Roach  
  138  9:04  Roach  
  138  9:06  Roach  
  138  9:08  Roach  
  144  9:10  Roach  
  144  9:12  Roach  
  144  9:13  Roach  
  144  9:16  Roach  
  152  9:18  Overlord  
  152  9:21  Overlord  
  152  9:23  Overlord  
  152  9:28  Ravager x2  
  154  9:36  Ravager x2  
  154  9:37  Roach, Ravager  
  161  9:38  Roach, Overlord  
  161  9:40  Zergling x10  
  161  9:43  Zergling x4  
  168  9:52  Roach x2  
  164  9:53  Roach  
  164  9:54  Roach x3  
  164  9:57  Roach  
  156  10:00  Roach  
  156  10:01  Roach  
  156  10:02  Roach  
  156  10:04  Roach  
  156  10:06  Roach  
  143  10:07  Zergling x2  
  143  10:10  Roach  
  143  10:11  Roach  
  131  10:15  Roach x2  
  131  10:20  Zerg Missile Weapons Level 2  
  129  10:22  Drone x3  
  129  10:24  Drone  
  129  10:25  Drone x2  
  129  10:27  Drone  
  136  10:29  Unknown  
  136  10:31  Hydralisk Den  
  139  10:35  Roach x2  
  139  10:36  Roach  
  139  10:38  Roach  
  139  10:39  Roach  
  139  10:42  Roach  
  147  10:43  Roach  
  147  10:45  Roach  
  147  10:46  Roach  
  147  10:48  Roach  
  153  10:50  Roach  
  153  10:51  Roach  
  157  10:58  Roach x4  
  157  11:02  Overlord  
  165  11:05  Overlord, Extractor  
  165  11:06  Drone x3  
  165  11:08  Drone  
  165  11:10  Roach  
  165  11:11  Roach  
  172  11:15  Roach x3  
  172  11:18  Overlord  
  178  11:21  Hydralisk x2  
  178  11:23  Unknown  
  182  11:27  Hydralisk x2  
  182  11:28  Hydralisk  
  188  11:36  Roach  
  188  11:37  Roach x2  
  188  11:38  Roach x2  
  198  11:40  Roach  
  198  11:46  Roach  
  200  11:50  Roach  
  195  11:55  Roach  
  195  11:56  Roach x2  
  195  11:59  Roach x4  
  195  12:00  Roach x2  
  195  12:01  Roach x2  
  188  12:03  Roach  
  188  12:04  Roach x2  
  188  12:06  Roach  
  169  12:11  Roach  
  169  12:12  Roach  
  169  12:13  Roach x2  
  169  12:14  Hydralisk  
  169  12:18  Hydralisk x2  
  169  12:19  Unknown  
  173  12:24  Drone x2, Hydralisk  
  173  12:25  Hydralisk  
  173  12:27  Hydralisk  
  181  12:30  Hydralisk  
  181  12:35  Muscular Augments  
  183  12:39  Hydralisk x2  
  187  12:44  Hydralisk  
  187  12:46  Hydralisk  
  191  12:56  Hydralisk  
  191  12:57  Hydralisk x2  
  197  13:03  Roach  
  185  13:14  Roach  
  185  13:15  Roach x10  
  185  13:16  Roach  
  185  13:17  Roach  
  185  13:18  Roach  
  184  13:20  Roach  
  184  13:23  Roach x2  
  159  13:27  Roach  
  159  13:28  Roach x2  
  159  13:30  Roach  
  159  13:32  Drone x5  
  159  13:33  Drone  
  170  13:36  Drone  
  170  13:40  Drone  
  166  13:43  Drone, Hydralisk  
  166  13:44  Hydralisk  
  166  13:45  Hydralisk x2  
  166  13:48  Roach  
  174  13:50  Roach  
  174  13:51  Unknown  
  174  13:54  Roach  
  174  13:55  Roach  
  180  13:58  Roach  
  180  13:59  Roach  
  180  14:00  Roach  
  180  14:02  Roach  
  188  14:06  Roach x2  
  188  14:07  Roach  
  194  14:13  Roach  
  194  14:14  Roach  
  194  14:15  Roach  
  190  14:25  Roach x2  
  190  14:26  Roach x3  
  190  14:27  Roach x2  
  190  14:29  Roach x2  
  198  14:31  Roach  
  198  14:34  Roach  
  198  14:35  Roach  
  198  14:37  Roach  
  181  14:42  Roach x2  
  181  14:43  Roach  
  181  14:44  Roach  
  183  14:45  Roach  
  183  14:47  Roach  
  183  14:49  Roach  
  177  14:53  Roach x2  
  177  14:58  Roach  
  177  14:59  Infestation Pit  
  180  15:01  Roach, Ravager x3  
  180  15:05  Roach x2  
  180  15:06  Roach  
  191  15:13  Roach  
  179  15:16  Roach x2  
  179  15:17  Roach x2  
  179  15:18  Roach  
  179  15:21  Roach  
  156  15:24  Roach x2  
  156  15:25  Roach  
  156  15:26  Roach  
  142  15:34  Roach x3  
  141  15:36  Roach  
  141  15:40  Ravager  
  141  15:41  Ravager x2  
  140  15:45  Roach x2  
  140  15:46  Roach  
  144  15:51  Roach  
  144  15:56  Roach  
  144  15:57  Roach x2  
  152  15:58  Roach  
  152  16:02  Hatchery  
  153  16:08  Roach x4  
  153  16:11  Roach  
  163  16:13  Roach  
  163  16:15  Roach  
  163  16:17  Roach  
  169  16:21  Roach  

Tags
 
Add a new tag
Caveats
  • Supply blocks, unpowered buildings, or Contaminate may cause inaccurate times.
  • Supply counts are checked every 10 seconds.